 Dungeon Crawl Stone Soup version 0.26.1-11-gd32895ea62 (webtiles) character file.

Game seed: 3939760097262773720

58 Gwenloh the Cutter (level 4, 0/29 HPs)
             Began as a Halfling Warper on May 14, 2021.
             Was an Initiate of Ashenzari.
             Slain by an orc
             ... wielding a +0 short sword
              (4 damage)
             ... on level 3 of the Dungeon.
             The game lasted 00:07:53 (2382 turns).

Gwenloh the Cutter (Halfling Warper)                Turns: 2382, Time: 00:07:54

Health: 0/29       AC:  4    Str: 12    XL:     4   Next: 20%
Magic:  6/6        EV: 14    Int: 12    God:    Ashenzari [......]
Gold:   107        SH:  0    Dex: 13    Spells: 1/6 levels left

rFire    . . .     SeeInvis .   a - +0 short sword
rCold    . . .     Faith    .   (shield restricted)
rNeg     . . .     Spirit   .   b - +0 leather armour
rPois    .         Reflect  .   (no helmet)
rElec    .         Harm     .   (no cloak)
rCorr    .         Rampage  .   p - +0 pair of gloves
Will     .....                  (no boots)
Stlth    +.........             (no amulet)
HPRegen  0.09/turn              (no ring)
MPRegen  0.10/turn              (no ring)

@: no status effects
A: small, mutation resistance 1
a: Renounce Religion, Curse Item


You were on level 3 of the Dungeon.
You worshipped Ashenzari.
Ashenzari was noncommittal.
You visited 1 branch of the dungeon, and saw 3 of its levels.

You collected 107 gold pieces.

Inventory:

Hand Weapons
 a - a +0 short sword (weapon)
Missiles
 e - 5 boomerangs of dispersal (quivered)
 g - 14 stones
Armour
 b - a +0 leather armour (worn)
 p - a +0 pair of gloves (worn)
 q - a +0 ring mail
Jewellery
 f - an uncursed ring of wizardry
 r - an uncursed ring of ice
Scrolls
 c - 4 scrolls of identify {unknown}
 d - 3 scrolls of blinking
 k - 4 scrolls of enchant armour {unknown}
 o - a scroll of magic mapping {unknown}
 s - a scroll of fear {unknown}
 t - a scroll of remove curse
Potions
 h - a potion of cancellation {unknown}
 i - 4 potions of berserk rage {unknown}
 j - a potion of magic {unknown}
 l - 2 potions of degeneration {unknown}
 m - a potion of heal wounds {unknown}
 n - a potion of lignification {unknown}


   Skills:
 - Level 1.7 Fighting
 * Level 4.3 Short Blades
 - Level 1.0 Throwing
 + Level 2.1 Armour
 - Level 2.1 Dodging
 - Level 1.5 Spellcasting
 + Level 3.5 Translocations


You had one spell level left.
You knew the following spells:

 Your Spells              Type           Power        Failure   Level
a - Blink                 Tloc           N/A          13%         2
b - Gell's Gravitas       Tloc           4%           26%         3

Your spell library contained the following spells:

 Spells                   Type           Power        Failure   Level
 Lesser Beckoning         Tloc           4%           26%         3
 Teleport Other           Tloc           9%           26%         3
 Passage of Golubria      Tloc           N/A          63%         4


Dungeon Overview and Level Annotations

Branches:
Dungeon (3/15)

Altars:
Ashenzari
Yredelemnul


Innate Abilities, Weirdness & Mutations

You are small and have problems with some larger weapons.
You are somewhat resistant to further mutation.


Message History

The orc shouts!
You hit the orc but do no damage. The orc hits you with a +0 short sword.
Your leather armour prevents you from hitting the orc.
The orc hits you but does no damage.
You hit the orc but do no damage. The orc hits you with a +0 short sword.
You hit the orc but do no damage. The orc hits you with a +0 short sword.
You hit the orc but do no damage. The orc barely misses you.
You barely miss the orc. The orc hits you with a +0 short sword.
You are too injured to fight recklessly!
You are too injured to fight recklessly!
You hit the orc but do no damage. The orc closely misses you.
You barely miss the orc. The orc hits you with a +0 short sword.
* * * LOW HITPOINT WARNING * * *
You hit the orc but do no damage. You barely miss the orc.
The orc hits you with a +0 short sword.
* * * LOW HITPOINT WARNING * * *
You hit the orc.
The orc is heavily wounded.
The orc hits you with a +0 short sword.
You die...

......#.# #.#
..#.#.#.######.#
#.#............#####
#...#.#.#####......#
......#.#####.####.#
#.............# #.#
#....)#.#####.# #.#
#.#.#.#.##########.##
...............o@...#
####..#.#############
#...... #....##
#....# # ...#


You could see an orc.

Vanquished Creatures
  An adder (D:3)
  2 worms (D:2)
  A leopard gecko (D:2)
  An orc (D:3)
  9 bats
  2 giant cockroaches
  6 goblins
  2 hobgoblins (D:1)
  2 jackals (D:1)
  A ball python (D:2)
  3 frilled lizards
  6 kobolds
  8 rats
44 creatures vanquished.

Notes
Turn   | Place    | Note
-------+----------+-------------------------------------------
     0 | D:1      | Gwenloh the Halfling Warper began the quest for the Orb.
     0 | D:1      | Reached XP level 1. HP: 14/14 MP: 3/3
   178 | D:1      | Reached skill level 3 in Short Blades
   251 | D:1      | Reached XP level 2. HP: 17/19 MP: 4/4
   260 | D:1      | Learned a level 2 spell: Blink
   660 | D:1      | Reached XP level 3. HP: 24/24 MP: 5/5
   664 | D:1      | Learned a level 3 spell: Gell's Gravitas
  1334 | D:2      | Found a basalt altar of Yredelemnul.
  1334 | D:2      | Found a broken altar of Ashenzari.
  1338 | D:2      | Became a worshipper of Ashenzari the Shackled
  1365 | D:2      | Reached skill level 4 in Short Blades
  2083 | D:3      | Reached XP level 4. HP: 8/29 MP: 6/6
  2382 | D:3      | Slain by an orc

Illustrated notes

Levels and vault maps discovered:
D:1:      amcnicky_arrival_double_pillar, layout_loops_ring
D:2:      layout_basic, gammafunk_temple_overflow_wave
D:3:      minmay_octagon_keep, layout_basic, nicolae_ru_sacrificial_ziggurat

Skill      XL: |  1  2  3 |
---------------+----------+-----
Short Blades   | 3 4 |  4.3
Armour         | 2 |  2.1
Fighting       | |  1.7
Throwing       | |  1.0
Dodging        | |  2.1
Spellcasting   | |  1.5
Translocations | |  3.5

Action                   |  1- 3 |  4- 6 || total
-------------------------+-------+-------++-------
Melee: Short sword       |   151 |    19 ||   170
Armor: Leather armour    |    25 |     4 ||    29
Dodge: Dodged            |    79 |    12 ||    91
